 Seeded DCSS version 0.29.1-12-g30fa7ad0bf (webtiles) character file.

Game seed: 9845822215292249863 (custom seed)

113005 hikkokomori the Devastator (level 16, -5/113 HPs)
             Began as an Octopode Conjurer on Jan 8, 2023.
             Was an Initiate of Gozag.
             Constricted to death by a tentacled monstrosity (8 damage)
             ... on level 3 of the Swamp.
             The game lasted 01:00:29 (26760 turns).

hikkokomori the Devastator (Octopode Conjurer)     Turns: 26760, Time: 01:00:29

Health: -5/113     AC:  3    Str: 19    XL:     16   Next: 62%
Magic:  12/32      EV: 16    Int: 25    God:    Gozag
Gold:   2954       SH:  9    Dex: 13    Spells: 12/40 levels left

rFire   + + +      SeeInvis .   j - staff of conjuration
rCold   . . .      Faith    .   o - +1 buckler {rF+}
rNeg    + . .      Spirit   .   (helmet restricted)
rPois   .          Reflect  .   v - amulet of magic regeneration
rElec   .          Harm     .   d - ring of the Octopus King {rC+ HP+2 AC+2 EV+2 SH+2}
rCorr   .          Rampage  .   i - ring of willpower
Will    +++..      Archmagi +   C - +4 ring of evasion
Stlth   +++++.....              x - ring "Hiorphigo" {Drain rF+ Will+ Str+6}
HPRegen 0.28/turn               L - ring of positive energy
MPRegen 0.63/turn               H - ring of fire
                                K - +6 ring of strength
                                P - ring of the Mage {Wiz Archmagi}

@: constricted
A: almost no armour, amphibious, 8 rings, camouflage 1, gelatinous body 1,
(nimble swimmer 1), tentacles
a: Renounce Religion, Potion Petition, Call Merchant, Bribe Branch


You were on level 3 of the Swamp.
You worshipped Gozag.
Gozag was most pleased with you.
You visited 5 branches of the dungeon, and saw 23 of its levels.

You collected 7670 gold pieces.
You spent 1497 gold pieces at shops.
You paid 3219 gold pieces to Gozag.

Inventory:

Missiles
 z - 3 throwing nets
Armour
 o - a +1 buckler of fire resistance (worn)
Magical Staves
 j - a staff of conjuration (weapon)
Jewellery
 d - a ring of the Octopus King (left tentacle) {rC+ HP+2 AC+2 EV+2 SH+2}
   (You acquired it on level 1 of the Dungeon)

   [ring of protection from cold]

   AC:        It affects your AC (+2).
   EV:        It affects your evasion (+2).
   rC:        It protects you from cold.
   HP:        It affects your health (+2).
   SH:        It affects your SH (+2).
 i - a ring of willpower (right tentacle)
 v - an amulet of magic regeneration (around mantle)
 x - the ring "Hiorphigo" (on tentacle) {Drain rF+ Will+ Str+6}
   (You acquired it on level 7 of the Dungeon)

   [ring of strength]

   Str:       It affects your strength (+6).
   rF:        It protects you from fire.
   Drain:     It drains your maximum health when unequipped.
   Will:      It increases your willpower.
 C - a +4 ring of evasion (on tentacle)
 H - a ring of fire (on tentacle)
 K - a +6 ring of strength (on tentacle)
 L - a ring of positive energy (on tentacle)
 P - the ring of the Mage (on tentacle) {Wiz Archmagi}
   (You found it on level 5 of the Lair of Beasts)

   [ring of wizardry]

   It improves your spell success rate.
   Archmagi:  It increases the power of your magical spells.
 T - the ring "Boucitoce" {rPois rF- Str+4 Dex+6}
   (You found it on level 1 of the Swamp)

   [ring of dexterity]

   Str:       It affects your strength (+4).
   Dex:       It affects your dexterity (+6).
   rF:        It makes you vulnerable to fire.
   rPois:     It protects you from poison.
 V - a +4 ring of protection
Wands
 h - a wand of roots (9)
 u - a wand of mindburst (8)
 A - a wand of light (7)
 B - a wand of polymorph (16)
 M - a wand of digging (4)
 O - a wand of charming (6)
 W - a wand of flame (8)
Scrolls
 b - 2 scrolls of teleportation
 c - 3 scrolls of enchant weapon
 g - 8 scrolls of amnesia
 k - 3 scrolls of blinking
 n - a scroll of poison
 r - 9 scrolls of butterflies
 s - 3 scrolls of fear
 t - a scroll of torment {unknown}
 w - 5 scrolls of magic mapping
 y - 3 scrolls of vulnerability
 E - 3 scrolls of enchant armour
 Q - a scroll of silence {unknown}
 R - a scroll of summoning {unknown}
 U - 3 scrolls of identify
Potions
 a - 5 potions of magic
 e - 3 potions of heal wounds
 f - 10 potions of curing
 l - a potion of brilliance
 m - a potion of ambrosia {unknown}
 p - 2 potions of might
 q - 4 potions of lignification
 D - 3 potions of flight {unknown}
 F - a potion of mutation
 G - 2 potions of resistance
 I - 2 potions of haste
 J - 3 potions of cancellation
 N - a potion of invisibility {unknown}
 S - 2 potions of degeneration {unknown}


   Skills:
 + Level 10.7 Fighting
 - Level 2.0 Dodging
 + Level 8.4 Stealth
 - Level 9.4 Shields
 + Level 12.9 Spellcasting
 - Level 17.0 Conjurations
 + Level 12.1 Fire Magic


You had 12 spell levels left.
You knew the following spells:

 Your Spells              Type           Power      Damage    Failure   Level
a - Magic Dart            Conj           100%       1d8       0%          1
b - Searing Ray           Conj           100%       2d8       0%          2
c - Iskenderun's Battles  Conj           100%       2d15      1%          5
d - Fireball              Conj/Fire      70%        3d26      1%          5
e - Fulminant Prism       Conj/Hex       46%        3d21      1%          4
f - Orb of Destruction    Conj           61%        9d15      1%          7
g - Iskenderun's Mystic   Conj/Tloc      93%        2d18      1%          4

Your spell library contained the following spells:

 Spells                   Type           Power      Damage    Failure   Level
 Freeze                   Ice            96%        1d11      1%          1
 Slow                     Hex            96%        N/A       1%          1
 Scorch                   Fire           100%       2d10      1%          2
 Dazzling Flash           Conj/Hex       100%       N/A       1%          3
 Mephitic Cloud           Conj/Pois/Air  79%        N/A       1%          3
 Flame Wave               Conj/Fire      100%       2d21      1%          4
 Hailstorm                Conj/Ice       93%        3d18      1%          4
 Starburst                Conj/Fire      70%        6d18      1%          6
 Call Imp                 Summ           24%        N/A       2%          2
 Poisonous Vapours        Pois/Air       48%        N/A       2%          2
 Confusing Touch          Hex            24%        N/A       6%          3
 Frozen Ramparts          Ice            48%        1d8       6%          3
 Gell's Gravitas          Tloc           24%        N/A       6%          3
 Lesser Beckoning         Tloc           24%        N/A       6%          3
 Teleport Other           Tloc           24%        N/A       6%          3
 Vampiric Draining        Necr           24%        2d7       6%          3
 Conjure Ball Lightning   Conj/Air       46%        3x3d16    9%          6
 Summon Forest            Summ/Tloc      12%        N/A       43%         5
 Eringya's Noxious Bog    Tmut/Pois      12%        N/A       93%         6
 Summon Cactus Giant      Summ           12%        N/A       93%         6
 Fire Storm               Conj/Fire      70%        8d18      98%         9
 Summon Hydra             Summ           12%        N/A       100%        7
 Chain Lightning          Conj/Air       46%        3d62      100%        9
 Shatter                  Erth           12%        3d13*     100%        9
 Corpse Rot               Necr/Pois/Air  Unusable   N/A       N/A         4

Dungeon Overview and Level Annotations

Branches:
Dungeon (11/15)            Temple (1/1) D:4            Lair (5/5) D:10
  Swamp (4/4) Lair:3       Spider (0/4) Lair:2        Slime (0/5) Lair:4
    Orc (2/2) D:10            Elf (0/3) Orc:2

Altars:
Ashenzari
Cheibriados
Dithmenos
Elyvilon
Fedhas
Gozag
Hepliaklqana
Kikubaaqudgha
Makhleb
Nemelex Xobeh
Okawaru
Qazlal
Ru
Sif Muna
Trog
Uskayaw
Vehumet
Wu Jian
Xom
Yredelemnul
Zin
The Shining One

Shops:
D:5 *   D:7 *   D:10 [*   Orc:1 [   Orc:2 ((?*(   Lair:4 :

Annotations:
Swamp:4 Mara
Orc:1 1 runed translucent door, Goiwo's ghost, journeyman MeEE
Orc:2 1 runed translucent door, Cheops's ghost, journeyman MiFi


Innate Abilities, Weirdness & Mutations

You cannot wear most types of armour.
You are amphibious.
You can wear up to eight rings at the same time.
Your skin changes colour to match your surroundings (Stealth+).
Your rubbery body absorbs attacks. (AC +1, EV +1)
((You are camouflaged when in or above water. (Stealth+)))
You have tentacles for arms and can constrict up to eight enemies at once.


Message History

You feel a huge surge of power!
The fireball explodes!
The fireball engulfs the tentacled monstrosity!!
The tentacled monstrosity resists.
The tentacled monstrosity is severely wounded.
You block the tentacled monstrosity's attack.
The tentacled monstrosity tentacle-slaps you but does no damage.
The tentacled monstrosity tentacle-slaps you.
The tentacled monstrosity constricts you!
Unknown command.
Unknown command.
Casting: Fireball (safe; 1% risk of failure)
Confirm with . or Enter, or press ? or * to list all spells.
Aiming: Fireball (safe; 1% risk of failure)
Press: ? - help, Shift-Dir - straight line You feel a huge surge of power!
The fireball explodes!
The fireball engulfs the tentacled monstrosity!!
The tentacled monstrosity resists.
The tentacled monstrosity is severely wounded.
The tentacled monstrosity tentacle-slaps you!
The tentacled monstrosity tentacle-slaps you. x2
The tentacled monstrosity constricts you!
* * * LOW HITPOINT WARNING * * *
Unknown command.
Unknown command.
Casting: Fireball (safe; 1% risk of failure)
Confirm with . or Enter, or press ? or * to list all spells.
Aiming: Fireball (safe; 1% risk of failure)
Press: ? - help, Shift-Dir - straight line You feel a huge surge of power!
The fireball explodes!
The fireball engulfs the tentacled monstrosity!
The tentacled monstrosity resists.
The tentacled monstrosity is almost dead.
The tentacled monstrosity tentacle-slaps you!
* * * LOW HITPOINT WARNING * * *
The tentacled monstrosity closely misses you.
The tentacled monstrosity tentacle-slaps you!
* * * LOW HITPOINT WARNING * * *
The tentacled monstrosity constricts you!
You die...
Your body crumbles into a pile of gold.

♣..~........~.§....
♣.~~~~.~~~~~§~~.... ♣♣♣
♣~~~~~~.~~~~~~~~♣♣. ♣♣~♣♣
♣~~§~~~~..~~~~~~... ♣.~~♣
♣♣~...~~~........~~ ♣♣..♣♣♣
♣♣..~...~.~~....~~
♣.~~~♣♣♣.§~~..~~~~~~~~..♣
♣♣....♣♣.§§§~~~~~~~~~~.~~
♣♣....♣♣♣@§<.♣♣....~~~~...
♣♣~..♣♣♣ ♣♣X§§♣♣♣...~~~~.~.
♣.~~..♣♣ ♣.§~~♣~~~~~~~~.~~
♣..§.§~♣ ♣~...§~~~~~~~~♣♣♣
♣♣....~♣♣♣♣♣♣♣♣♣~~~~~~~§~♣
♣♣....~♣♣.~~~♣..~....~~~~~♣♣
♣~..~...♣.~~.♣.~.....~~~~..♣
♣♣~........~~♣♣♣...♣♣..~~.♣♣♣♣
♣♣...~~~~.~~~.....~..♣~~.~♣♣ ♣


You could see a tentacled monstrosity.

Vanquished Creatures
  Bai Suzhen (Swamp:3)
  3 thorn hunters
  Donald (Swamp:4)
  2 fenstrider witches (Swamp:4)
  Azrael (Orc:1)
  4 bunyips
  Harold (Orc:1)
  2 shambling mangroves
  9 hydras
  2 boulder beetles
  Erolcha (Orc:1)
  2 catoblepae
  A merfolk avatar (Lair:5)
  9 alligators
  A two-headed ogre (Orc:1)
  4 death yaks
  A spriggan berserker (Swamp:4)
  Nergalle (Orc:1)
  3 orc high priests (Orc:2)
  4 spriggans
  The ghost of SirLogeyBear the Cleaver, a novice HOBe of Trog (D:7)
  A death drake (Swamp:4)
  3 swamp dragons
  5 goliath frogs
  A skeletal warrior (D:10)
  2 sea snakes (Lair:5)
  2 spriggan druids (Swamp:4)
  A harpy (Lair:5)
  4 orc knights (Orc:2)
  Pikel (D:4)
  6 orc sorcerers
  A cyclops (Orc:1)
  4 will-o-the-wisps (Swamp:3)
  3 black mambas
  6 elephants
  17 cane toads
  10 rime drakes
  7 komodo dragons
  3 polar bears
  A bloated husk (Swamp:1)
  10 tyrant leeches
  A troll (D:9)
  3 wind drakes (Lair:5)
  Grinder (D:6)
  11 hornets
  A snapping turtle (Lair:5)
  13 dream sheep
  9 blink frogs
  4 fire elementals
  2 wyverns
  47 yaks
  Eustachio (D:4)
  4 steam dragons
  2 basilisks
  6 wargs
  Menkaure (D:4)
  16 swamp worms
  18 water moccasins
  3 hell hounds (Orc:2)
  15 orc warriors
  A swamp drake (Swamp:2)
  An ice beast (D:5)
  A black bear (D:5)
  A sky beast (D:7)
  4 ogres
  15 wolves
  2 centaurs (D:7)
  A lemure (D:4)
  8 kobold brigands
  A necrophage (D:5)
  20 bullfrogs
  3 scorpions
  7 wights
  7 howler monkeys
  2 jellies
  3 hounds
  2 gnoll boudas
  12 orc priests
  2 iguanas
  Natasha (thrice) (D:3)
  16 orc wizards
  7 adders
  15 gnolls
  A shadow imp (D:7)
  2 ufetubi (D:5)
  2 worms
  2 dart slugs (D:1)
  59 orcs
  8 endoplasms
  3 giant cockroaches
  3 goblins
  4 hobgoblins
  4 jackals (D:5)
  46 kobolds
  7 quokkas
  7 ball pythons
  9 bats
  4 frilled lizards
  5 rats
600 creatures vanquished.

Vanquished Creatures (others)
  A fenstrider witch (Swamp:4)
  An orc wizard (Orc:2)
  A bush (Lair:5)
  16 foxfires (Swamp:3)
  2 fulminant prisms (D:10)
  32 fungi
  62 plants
115 creatures vanquished.

Grand Total: 715 creatures vanquished

Notes
Turn   | Place    | Note
-------+----------+-------------------------------------------
     0 | D:1      | hikkokomori the Octopode Conjurer began the quest for the
                  | Orb.
     0 | D:1      | Reached XP level 1. HP: 11/11 MP: 3/3
   157 | D:1      | Reached XP level 2. HP: 10/17 MP: 0/5
   629 | D:1      | Reached XP level 3. HP: 21/21 MP: 2/6
   828 | D:1      | Reached skill level 5 in Conjurations
  1132 | D:1      | Identified 3 scrolls of acquirement
  1132 | D:1      | Acquired 1094 gold pieces
  1133 | D:1      | Acquired a ring of the Octopus King {rC+ HP+2 AC+2 EV+2
                  | SH+2}
  1133 | D:1      | Found the ring of the Octopus King {rC+ HP+2 AC+2 EV+2
                  | SH+2}
  1134 | D:1      | Acquired a book of the Spheres
  1274 | D:2      | Found a faded altar of an unknown god.
  1416 | D:2      | Reached XP level 4. HP: 27/27 MP: 5/7
  2395 | D:3      | Learned a level 2 spell: Searing Ray
  2437 | D:3      | Noticed Natasha
  2441 | D:3      | Killed Natasha
  2442 | D:3      | Reached skill level 6 in Conjurations
  2442 | D:3      | Reached XP level 5. HP: 31/31 MP: 0/8
  2672 | D:3      | Noticed Natasha
  2734 | D:3      | Killed Natasha
  2734 | D:3      | Noticed Natasha
  2742 | D:3      | Killed Natasha
  2894 | D:3      | Learned a level 5 spell: Iskenderun's Battlesphere
  3028 | D:3      | Found the +4 robe of Augmentation {Str+4 Int+4 Dex+4}
  3522 | D:4      | Noticed Eustachio
  3523 | D:4      | Reached skill level 1 in Shields
  3523 | D:4      | Reached skill level 7 in Conjurations
  3523 | D:4      | Reached XP level 6. HP: 36/36 MP: 1/9
  3608 | D:4      | Killed Eustachio
  4194 | D:4      | Reached XP level 7. HP: 37/41 MP: 5/10
  4248 | D:4      | Noticed Menkaure
  4254 | D:4      | Killed Menkaure
  4371 | D:4      | Noticed Pikel
  4376 | D:4      | Killed Pikel
  4377 | D:4      | Reached skill level 5 in Shields
  4377 | D:4      | Reached skill level 8 in Conjurations
  4377 | D:4      | Reached XP level 8. HP: 46/46 MP: 1/11
  4620 | D:4      | Found a staircase to the Ecumenical Temple.
  4724 | Temple   | Entered the Ecumenical Temple
  4919 | Temple   | Became a worshipper of Gozag Ym Sagoz the Greedy
  4970 | D:5      | Entered Level 5 of the Dungeon
  4976 | D:5      | Bought 3 scrolls of identify for 150 gold pieces
  5183 | D:5      | Reached skill level 9 in Conjurations
  6068 | D:5      | Found an ancient bone altar of Kikubaaqudgha.
  6815 | D:5      | Reached XP level 9. HP: 51/51 MP: 1/12
  6917 | D:6      | Noticed Grinder
  6923 | D:6      | Killed Grinder
  6924 | D:6      | Reached skill level 10 in Conjurations
  8984 | D:7      | Found a runed translucent gate.
  8988 | D:7      | Found a runed translucent gate.
  8989 | D:7      | Found a runed translucent gate.
  8990 | D:7      | Found an opulent altar of Gozag.
  8990 | D:7      | Noticed SirLogeyBear's ghost (novice HOBe)
  9012 | D:7      | Reached skill level 11 in Conjurations
  9469 | D:7      | Acquired the ring "Hiorphigo" {Drain rF+ Will+ Str+6}
  9547 | D:7      | Killed SirLogeyBear's ghost
  9548 | D:7      | Reached XP level 10. HP: 33/56 MP: 3/13
 10041 | D:8      | Reached skill level 1 in Fighting
 10086 | D:8      | Found a white marble altar of Elyvilon.
 10093 | D:8      | Found a shadowy altar of Dithmenos.
 10093 | D:8      | Found an ornate altar of the Wu Jian Council.
 10098 | D:8      | Found a blossoming altar of Fedhas.
 10683 | D:8      | Reached skill level 12 in Conjurations
 11435 | D:9      | Noticed a boulder beetle
 12183 | D:9      | Learned a level 5 spell: Fireball
 12226 | D:9      | Killed a boulder beetle
 12280 | D:9      | Reached XP level 11. HP: 69/69 MP: 2/17
 12704 | D:9      | Learned a level 4 spell: Fulminant Prism
 12708 | D:10     | Entered Level 10 of the Dungeon
 12745 | D:10     | Found a staircase to the Orcish Mines.
 12748 | D:10     | Found Wacaff's Armour Shop.
 12859 | D:10     | Reached skill level 5 in Spellcasting
 13221 | D:10     | Reached skill level 5 in Fire Magic
 13560 | D:10     | Found a staircase to the Lair.
 13942 | D:10     | Found a radiant altar of Vehumet.
 13990 | D:10     | Bought a scroll labelled BUAFIO SYXZU for 21 gold pieces
 13990 | D:10     | Bought a glowing bone wand for 84 gold pieces
 13990 | D:10     | Bought a potion of curing for 63 gold pieces
 13990 | D:10     | Bought a scroll labelled XYSUTU PIHODGH for 21 gold pieces
 13990 | D:10     | Bought a scroll labelled XYSUTU PIHODGH for 21 gold pieces
 13990 | D:10     | Bought a ruby potion for 18 gold pieces
 14037 | D:11     | Noticed a skeletal warrior
 14037 | D:11     | Noticed a skeletal warrior
 14037 | D:11     | Noticed a skeletal warrior
 14046 | D:10     | Killed a skeletal warrior
 14324 | Orc:1    | Entered Level 1 of the Orcish Mines
 14324 | Orc:1    | Noticed Nergalle
 14325 | Orc:1    | Noticed Harold
 14327 | Orc:1    | Noticed a two-headed ogre
 14328 | Orc:1    | Killed Nergalle
 14367 | Orc:1    | Killed a two-headed ogre
 14374 | Orc:1    | Killed Harold
 14378 | Orc:1    | Noticed a cyclops
 14471 | Orc:1    | Killed a cyclops
 14627 | Orc:1    | Noticed Erolcha
 14630 | Orc:1    | Killed Erolcha
 14662 | Orc:1    | Reached XP level 12. HP: 74/74 MP: 5/23
 14729 | Orc:1    | Found Uthrozu's Antique Armour Shop.
 14797 | Orc:1    | Found a runed translucent door.
 14798 | Orc:1    | Found a shimmering altar of Xom.
 14798 | Orc:1    | Noticed Goiwo's ghost (journeyman MeEE)
 15042 | Orc:2    | Entered Level 2 of the Orcish Mines
 15048 | Orc:2    | Noticed Azrael
 15237 | Orc:1    | Killed Azrael
 15385 | Orc:2    | Found a staircase to the Elven Halls.
 15505 | Orc:2    | Reached skill level 5 in Fighting
 15510 | Orc:2    | Noticed an orc high priest
 15514 | Orc:2    | Killed an orc high priest
 15516 | Orc:2    | Noticed an orc high priest
 15523 | Orc:2    | Noticed a soul eater
 15557 | Orc:2    | Killed an orc high priest
 15711 | Orc:2    | Noticed an orc high priest
 15714 | Orc:2    | Killed an orc high priest
 15781 | Orc:2    | Reached skill level 13 in Conjurations
 15937 | Orc:2    | Found Uxkumuis's Antique Weapon Boutique.
 15937 | Orc:2    | Found Epeept's Antique Weapon Boutique.
 15939 | Orc:2    | Found Ryunaut's General Store.
 15939 | Orc:2    | Found Wirgh's Magic Scroll Shoppe.
 16076 | Orc:2    | Found Otoewk's Weapon Boutique.
 16081 | Orc:2    | Noticed Cheops's ghost (journeyman MiFi)
 16084 | Orc:2    | Found a runed translucent door.
 16441 | Orc:2    | Bought a scroll of identify for 24 gold pieces
 16441 | Orc:2    | Bought a scroll of blinking for 90 gold pieces
 16449 | Orc:2    | Bought a scroll of blinking for 105 gold pieces
 16540 | Lair:1   | Entered Level 1 of the Lair of Beasts
 16662 | Lair:1   | Noticed an eight-headed hydra
 16666 | Lair:1   | Killed an eight-headed hydra
 16667 | Lair:1   | Reached XP level 13. HP: 86/86 MP: 12/26
 16821 | Lair:1   | You fall into a shaft and drop 1 floor!
 17196 | Lair:2   | Found a hole to the Spider Nest.
 17255 | Lair:2   | Reached skill level 10 in Spellcasting
 18327 | Lair:3   | Reached skill level 14 in Conjurations
 18901 | Lair:3   | Reached XP level 14. HP: 98/98 MP: 27/29
 19028 | Lair:3   | Found a staircase to the Swamp.
 19320 | Lair:3   | Reached skill level 10 in Fighting
 19575 | Lair:3   | Reached skill level 15 in Conjurations
 19712 | Lair:4   | Bought a book of Annihilations for 900 gold pieces
 19929 | Lair:4   | Reached XP level 15. HP: 61/103 MP: 2/30
 20490 | Lair:4   | Reached skill level 5 in Stealth
 21029 | Lair:4   | Found a staircase to the Slime Pits.
 21213 | Lair:5   | Entered Level 5 of the Lair of Beasts
 21939 | Lair:5   | Found the ring of the Mage {Wiz Archmagi}
 22122 | Lair:5   | Identified the +7 trident of Pyuc {chaos, Int+2}
 22151 | Lair:5   | Identified the +1 sling of the Loving Gods {freeze, rElec
                  | rCorr Int-3}
 22892 | Lair:5   | Learned a level 7 spell: Orb of Destruction
 22897 | Lair:5   | Learned a level 4 spell: Iskenderun's Mystic Blast
 22992 | Swamp:1  | Entered Level 1 of the Swamp
 23039 | Swamp:1  | Identified the +0 ring mail of Watchfulness {rF+ rC+ Will+
                  | Stlth-}
 23129 | Swamp:1  | Reached skill level 16 in Conjurations
 23193 | Swamp:1  | Identified the ring "Boucitoce" {rPois rF- Str+4 Dex+6}
 23433 | Swamp:1  | Reached skill level 10 in Fire Magic
 23758 | Swamp:2  | Noticed a thorn hunter
 23761 | Swamp:2  | Killed a thorn hunter
 23886 | Swamp:2  | Got the Catalogue of the Dynamic Coals
 24306 | Swamp:2  | Noticed a thorn hunter
 24310 | Swamp:2  | Killed a thorn hunter
 24313 | Swamp:2  | Reached XP level 16. HP: 109/109 MP: 5/32
 24900 | Swamp:3  | Noticed Bai Suzhen
 24914 | Swamp:3  | Killed Bai Suzhen
 25426 | Swamp:3  | Reached skill level 17 in Conjurations
 25877 | Swamp:4  | Entered Level 4 of the Swamp
 25877 | Swamp:4  | Noticed Mara
 25925 | Swamp:4  | Noticed a thorn hunter
 25927 | Swamp:4  | Killed a thorn hunter
 26049 | Swamp:4  | Identified the +4 rapier of Gallantry {freeze, Will+ MP-9
                  | Str+7}
 26066 | Swamp:4  | Noticed a fenstrider witch
 26070 | Swamp:4  | Killed a fenstrider witch
 26074 | Swamp:4  | Noticed a fenstrider witch
 26090 | Swamp:4  | Killed a fenstrider witch
 26271 | Swamp:4  | Killed a fenstrider witch
 26563 | Swamp:4  | Noticed a thorn hunter
 26690 | Swamp:4  | Noticed Donald
 26694 | Swamp:4  | Killed Donald
 26694 | Swamp:4  | Noticed a tentacled monstrosity
 26760 | Swamp:3  | HP: 3/113 [tentacled monstrosity (11)]
 26760 | Swamp:3  | Constricted to death by a tentacled monstrosity

Illustrated notes

Levels and vault maps discovered:
D:1:      giann_bridges, layout_basic
D:2:      layout_loops_cross, ebering_ecumenical_altar_hall
D:3:      layout_basic, uniq_natasha
D:4:      layout_loops_ring, lemuel_temple_firewalk_a, uniq_pikel,
          uniq_eustachio, uniq_menkaure
D:5:      layout_cave_pods, kennysheep_mini_moat
D:6:      layout_basic, serial_bayou_crossing, uniq_grinder
D:7:      layout_cave_pools, ebering_ghost_gozag, grunt_ministairs_3
D:8:      layout_basic, minitemple
D:9:      layout_long_grid
D:10:     layout_loops_cross, mainiacjoe_overflow_brackets,
          erik_lair_orcish_takeover, orc_david_3
D:11:     layout_long_grid, serial_glass, glass_columns_b, glass_columns_a,
          glass_columns_b, glass_columns_b, glass_columns_a, glass_columns_b,
          glass_columns_c, glass_columns_a, gammafunk_ghost_smash,
          chequers_guarded_unrand_ignorance
Temple:   eino_temple_scatter_basement
Lair:1:   layout_gridlike, nicolae_quartered_pool_super,
          chequers_serial_rivers_small_b
Lair:2:   layout_cave_pods, spider_nest_entry_web_field, grunt_megastairs_2,
          lemuel_fruit_tree, infiniplex_staircase_pool_2
Lair:3:   nzn_winding_woodlands_medium [nzn_winding_woodlands_5x5_open_star,
          nzn_winding_woodlands_5x15_jagged,
          nzn_winding_woodlands_5x5_checkerboard,
          nzn_winding_woodlands_5x5_perimeter,
          nzn_winding_woodlands_center_lodge, nzn_winding_woodlands_5x5_cross,
          nzn_winding_woodlands_5x5_closed_star,
          nzn_winding_woodlands_5x15_split_checker,
          nzn_winding_woodlands_5x5_three], layout_loops_ring,
          minmay_swamp_entry_worms
Lair:4:   beast_lair_carwin_large_3, layout_loops_ring, slime_entry_1,
          chequers_serial_rivers_room_b
Lair:5:   gammafunk_lair_ancient_temple, layout_gridlike
Swamp:1:  layout_basic_swamp, evilmike_swamp_ruin_house_5
Swamp:2:  layout_falls_marsh, hangedman_swamp_ruin_wall
Swamp:3:  layout_basic_swamp, evilmike_swamp_ruin_house_1, uniq_bai_suzhen
Swamp:4:  nzn_swamp_witches_coven, layout_basic_swamp, uniq_mara, uniq_donald,
          uniq_louise
Orc:1:    layout_caves, ebering_ghost_xom, serial_shops, nicolae_square_shop,
          uniq_harold, uniq_nergalle, uniq_erolcha
Orc:2:    st_orc_elflike, layout_caves, hellmonk_ghost_happy_afterlife,
          serial_shops, shop, special_room, uniq_azrael

Skill      XL: |  1  2  3  4  5  6  7  8  9 10 11 12 13 14 15 16 |
---------------+-------------------------------------------------+-----
Conjurations   | 5 6 7 8 9 11 12 13 14 15 16 17 | 17.0
Shields        | 1 2 5 6 9 |  9.4
Fighting       | 4 7 9 10 | 10.7
Spellcasting   | 4 7 9 11 12 | 12.9
Fire Magic     | 3 7 8 10 12 | 12.1
Stealth        | 3 6 8 |  8.4
Dodging        | |  2.0

Action                   |  1- 3 |  4- 6 |  7- 9 | 10-12 | 13-15 | 16-18 || total
-------------------------+-------+-------+-------+-------+-------+-------++-------
Melee: Unarmed           |    12 |       |       |       |       |       ||    12
       Constrict         |     1 |     2 |     4 |     3 |     3 |       ||    13
       Tentacles         |     1 |     2 |     5 |     4 |     8 |       ||    20
       Staff             |       |     3 |    26 |    25 |    27 |       ||    81
 Cast: Magic Dart        |    53 |   109 |   179 |   266 |    48 |    15 ||   670
       Searing Ray       |       |     2 |     5 |    19 |     5 |       ||    31
       Iskenderun's Batt |       |     1 |    27 |    50 |    25 |     5 ||   108
       Fireball          |       |       |       |    74 |   228 |    78 ||   380
       Fulminant Prism   |       |       |       |     2 |       |       ||     2
       Orb of Destructio |       |       |       |       |       |     7 ||     7
       Iskenderun's Myst |       |       |       |       |       |     2 ||     2
Invok: Call Merchant     |       |       |     1 |     2 |     1 |       ||     4
Evoke: Wand              |       |       |     1 |     1 |     2 |     3 ||     7
  Use: Scroll            |     3 |     3 |    11 |    12 |     6 |     4 ||    39
       Potion            |       |       |     3 |     1 |     2 |     4 ||    10
Armor: Skin              |     5 |     1 |     4 |     7 |     5 |     1 ||    23
Dodge: Dodged            |    17 |    15 |    41 |    75 |    60 |    24 ||   232
Block: Buckler           |       |       |    21 |    39 |    28 |    18 ||   106
